 Dungeon Crawl Stone Soup version 0.27-a0-170-g607d9e9d85 (webtiles) character file.

Game seed: 2524546344886052764

5540 epen the Carver (level 10, -2/77 (79) HPs)
             Began as a Demonspawn Fighter on Jan 28, 2021.
             Was a Priest of Yredelemnul.
             Slain by Harold
             ... wielding a +0 war axe
              (13 damage)
             ... on level 9 of the Dungeon.
             The game lasted 00:20:33 (7323 turns).

epen the Carver (Demonspawn Fighter)                Turns: 7323, Time: 00:20:33

HP:   -2/77 (79)    AC:  7    Str: 21    XL:     10   Next: 43%
MP:   15/15         EV: 14    Int:  9    God:    Yredelemnul [***...]
Gold: 432           SH:  5    Dex: 12    Spells: 9/9 levels left

rFire    . . .     SeeInvis .   a - +1 long sword
rCold    . . .     Faith    .   (no shield)
rNeg     . . .     Spirit   .   o - +0 troll leather armour
rPois    .         Reflect  +   (helmet restricted)
rElec    .         Harm     .   v - +0 cloak
rCorr    .         Rampage  .   (no gloves)
Will     .....                  m - +1 pair of boots
Stlth    +.........             s - amulet of reflection
HPRegen  0.62/turn              (no ring)
MPRegen  0.28/turn              (no ring)

@: injury mirror, corroded, hasted, lightly drained, very quick
A: antennae 1, molten scales 2, magic regeneration, demonic magic 2
a: Renounce Religion, Recall Undead Slaves, Injury Mirror, Animate Dead


You were on level 9 of the Dungeon.
You worshipped Yredelemnul.
Yredelemnul was most pleased with you.
You visited 1 branch of the dungeon, and saw 9 of its levels.

You collected 432 gold pieces.

Inventory:

Hand Weapons
 a - a +1 long sword (weapon)
Armour
 b - a +0 scale mail
 c - a +0 kite shield
 m - a +1 pair of boots (worn)
 o - a +0 troll leather armour (worn)
 t - a +0 helmet
 v - a +0 cloak (worn)
Jewellery
 s - an amulet of reflection (around neck)
 G - a cursed amulet of inaccuracy {unknown}
Wands
 h - a wand of polymorph (8)
 q - a wand of flame (14)
 r - a wand of paralysis (4)
 y - a wand of iceblast (11)
 F - a wand of digging (7)
Scrolls
 e - 3 scrolls of enchant weapon
 g - 3 scrolls of amnesia
 j - 8 scrolls of remove curse
 n - a scroll of teleportation
 u - a scroll of enchant armour {unknown}
 w - 2 scrolls of identify
 A - a scroll of fear
 B - a scroll of brand weapon {unknown}
Potions
 d - a potion of haste
 f - a potion of ambrosia
 i - 7 potions of flight
 k - 4 potions of degeneration
 l - 4 potions of lignification
 p - 4 potions of brilliance
 x - 2 potions of invisibility
 z - a potion of attraction {unknown}
 C - a potion of heal wounds {unknown}
 D - a potion of resistance {unknown}
 E - 2 potions of mutation {unknown}


   Skills:
 + Level 7.4 Fighting
 * Level 9.1 Long Blades
 + Level 6.8 Armour
 + Level 4.7 Dodging
 - Level 2.6 Shields
 + Level 7.0 Invocations


You had 9 spell levels left.
You didn't know any spells.
Your spell library contained the following spells:

 Spells                   Type           Power        Failure   Level
 Corona                   Hex            0%           43%         1
 Sting                    Tmut/Pois      0%           43%         1
 Ensorcelled Hibernation  Hex/Ice        0%           56%         2
 Poisonous Vapours        Pois/Air       0%           56%         2
 Confusing Touch          Hex            0%           80%         3
 Conjure Flame            Conj/Fire      0%           80%         3
 Dazzling Flash           Conj/Hex       0%           80%         3
 Tukima's Dance           Hex            0%           80%         3
 Olgreb's Toxic Radiance  Pois           0%           99%         4
 Alistair's Intoxication  Tmut/Pois      0%           100%        5
 Bolt of Magma            Conj/Fire/Erth 0%           100%        5


Dungeon Overview and Level Annotations

Branches:
Dungeon (9/15)             Temple (0/1) D:5
   Lair: D:8-11         Orc: D:9-12

Altars:
Ashenzari
Cheibriados
Elyvilon
Gozag
Ru
Trog
Uskayaw
Vehumet
Yredelemnul
Zin

Annotations:
D:3 1 runed translucent door, Borgoz's ghost, amateur HaGl
D:9 Harold


Innate Abilities, Weirdness & Mutations

You have a pair of small antennae on your head.
You are mostly covered in molten scales. (AC +3)
You regenerate magic rapidly.
Spells you cast may paralyse nearby enemies.


Message History

Your necrophage skeleton is destroyed!
You slash Harold!
Harold is heavily wounded.
You hit Harold but do no damage.
Harold is heavily wounded.
You block Harold's attack.
You barely miss Harold.
Harold is heavily wounded.
Harold zaps a wand.
The bolt of acid hits you!
* * * LOW HITPOINT WARNING * * *
You are splashed with acid!
* * * LOW HITPOINT WARNING * * *
You offer yourself to Yredelemnul, and are filled with unholy energy.
Harold throws a throwing net.
The throwing net hits you.
You become entangled in the net!
You tear a large gash into the net.
You struggle against the net.
You rip the net and break free!
Harold hits you with a +0 war axe!
You die...
Your body rises from the dead as a mindless zombie.

.. #.....######.#
..#.#..#.#####
#.. #.##..#.....#
#.# #...........#
#.# #
#.##..####..# #.#
#. #.##..####..#
#..
#.###...........#
###
#.........##...##
#..@@.....##...#
#........###...#
............#
#..>#
.<...........#
#...#
.#.###......(#
#...# #
#..............
###...........##
#########


You could see Harold.

Vanquished Creatures
  Maggie (D:6)
  Prince Ribbit (D:6)
  Grinder (D:4)
  Eustachio (D:5)
  Grum (D:8)
  Edmund (D:4)
  2 water moccasins (D:7)
  Duvessa (D:4)
  A black bear (D:8)
  4 sky beasts
  An ice beast (D:8)
  A phantom (D:4)
  4 ogres
  2 necrophages
  3 wolves (D:8)
  3 centaurs
  7 bullfrogs
  Blork the orc (D:4)
  2 scorpions
  2 wights (D:6)
  A howler monkey (D:4)
  A quasit (D:5)
  7 hounds
  2 jellies
  Crazy Yiuf (D:6)
  2 centaur skeletons
  2 orc priests
  2 orc wizards
  Jessica (D:2)
  2 iguanas
  10 worker ants
  2 hound skeletons
  A mummy (D:5)
  2 worker ant zombies
  16 adders
  A howler monkey skeleton (D:9)
  A shadow imp (D:7)
  5 white imps
  An ufetubus (D:7)
  2 oozes
  2 adder zombies (D:6)
  An adder skeleton (D:4)
  A worm (D:2)
  3 dart slugs
  A leopard gecko (D:2)
  17 orcs
  4 giant cockroaches
  5 goblins
  5 hobgoblins
  3 jackals
  3 kobolds
  3 quokkas
  A ball python (D:4)
  2 bats
  2 frilled lizards
  A leopard gecko skeleton (D:5)
  4 rats
160 creatures vanquished.

Vanquished Creatures (collateral kills)
  A black bear (D:6)
  An ice beast (D:8)
  3 phantoms
  4 ogres
  A bullfrog (D:6)
  Dowan (D:4)
  A wight (D:6)
  An orc priest (D:5)
  2 orc wizards (D:7)
  An adder (D:4)
  A white imp (D:6)
  2 leopard geckos
  3 orcs
  A jackal (D:8)
23 creatures vanquished.

Vanquished Creatures (others)
  A human zombie (D:6)
  5 adder zombies
  A ball python zombie (D:4)
  3 bullfrog zombies
  A giant cockroach zombie (D:4)
  A gnoll zombie (D:8)
  2 hound zombies
  A howler monkey zombie (D:4)
  2 iguana zombies
  2 jackal zombies (D:5)
  A necrophage skeleton (D:9)
  2 ogre zombies (D:6)
  A wolf zombie (D:8)
  2 worker ant zombies (D:6)
  2 withered plants (D:3)
27 creatures vanquished.

Grand Total: 210 creatures vanquished

Notes
Turn   | Place    | Note
-------+----------+-------------------------------------------
     0 | D:1      | epen the Demonspawn Fighter began the quest for the Orb.
     0 | D:1      | Reached XP level 1. HP: 18/18 MP: 1/1
    37 | D:1      | Reached skill level 2 in Long Blades
    72 | D:1      | Gained mutation: You are partially covered in molten
                  | scales. (AC +2) [demonic ancestry]
    72 | D:1      | Reached XP level 2. HP: 24/24 MP: 2/2
   830 | D:2      | Gained mutation: You are mostly covered in molten scales.
                  | (AC +3) [demonic ancestry]
   830 | D:2      | Reached XP level 3. HP: 29/29 MP: 3/3
   914 | D:2      | Noticed Jessica
   921 | D:2      | Killed Jessica
   922 | D:2      | Reached skill level 3 in Long Blades
  1060 | D:2      | Reached XP level 4. HP: 35/35 MP: 4/4
  1276 | D:2      | Found a glowing silver altar of Zin.
  1785 | D:3      | Found a bloodstained altar of Trog.
  1884 | D:3      | HP: 1/37 [something (3)]
  1886 | D:3      | Gained mutation: Spells you cast may paralyse adjacent
                  | enemies. [demonic ancestry]
  1886 | D:3      | Reached XP level 5. HP: 1/42 MP: 5/5
  2024 | D:3      | Found a broken altar of Ashenzari.
  2143 | D:3      | Found a runed translucent door.
  2143 | D:3      | Noticed Borgoz's ghost (amateur HaGl)
  2309 | D:3      | Reached skill level 4 in Long Blades
  2319 | D:3      | Found a faded altar of an unknown god.
  2421 | D:3      | Found an opulent altar of Gozag.
  2480 | D:3      | Became a worshipper of Yredelemnul the Dark
  2480 | D:3      | Reached * piety under Yredelemnul
  2717 | D:4      | Noticed Blork the orc
  2730 | D:4      | Killed Blork the orc
  2731 | D:4      | Gained mutation: Spells you cast may paralyse nearby
                  | enemies. [demonic ancestry]
  2731 | D:4      | Reached XP level 6. HP: 48/48 MP: 6/6
  2806 | D:4      | Noticed Duvessa
  2813 | D:4      | Noticed Dowan
  2824 | D:4      | Killed Duvessa
  2828 | D:4      | Killed Dowan
  2829 | D:4      | Reached skill level 5 in Long Blades
  2835 | D:4      | Noticed Edmund
  2837 | D:4      | Reached XP level 7. HP: 24/55 MP: 7/7
  2846 | D:4      | Killed Edmund
  2992 | D:4      | Noticed Grinder
  3025 | D:4      | Killed Grinder
  3026 | D:4      | Reached skill level 5 in Fighting
  3026 | D:4      | Reached skill level 1 in Invocations
  3091 | D:4      | Reached skill level 1 in Dodging
  3242 | D:4      | You fall into a shaft and drop 1 floor!
  3242 | D:5      | Entered Level 5 of the Dungeon
  3283 | D:5      | Reached ** piety under Yredelemnul
  3284 | D:5      | Gained mutation: You have a pair of small antennae on your
                  | head. [demonic ancestry]
  3284 | D:5      | Reached XP level 8. HP: 54/62 MP: 6/9
  3331 | D:5      | Identified the Catalogue of Virous Fire
  3381 | D:5      | Found a sacrificial altar of Ru.
  3388 | D:5      | Reached skill level 6 in Long Blades
  3393 | D:5      | Noticed Eustachio
  3421 | D:5      | Killed Eustachio
  3422 | D:5      | Reached skill level 5 in Armour
  3862 | D:5      | Found a white marble altar of Elyvilon.
  3980 | D:5      | Found a snail-covered altar of Cheibriados.
  4262 | D:5      | Found a staircase to the Ecumenical Temple.
  4372 | D:6      | Noticed Prince Ribbit
  4384 | D:6      | Reached skill level 7 in Long Blades
  4539 | D:6      | Gained mutation: You regenerate magic rapidly. [demonic
                  | ancestry]
  4539 | D:6      | Reached XP level 9. HP: 53/69 MP: 12/12
  4959 | D:6      | Killed Prince Ribbit
  4960 | D:6      | Reached skill level 5 in Invocations
  5012 | D:6      | Your ally Prince Ribbit died
  5160 | D:6      | Noticed Maggie
  5167 | D:6      | Killed Maggie
  5290 | D:6      | Found a runed translucent door.
  5291 | D:6      | Noticed Crazy Yiuf
  5328 | D:6      | Killed Crazy Yiuf
  5385 | D:6      | Found a radiant altar of Vehumet.
  5492 | D:6      | Reached skill level 8 in Long Blades
  5756 | D:7      | Found a hide-covered altar of Uskayaw.
  6066 | D:7      | Reached XP level 10. HP: 79/79 MP: 14/14
  6438 | D:8      | Noticed Grum
  6462 | D:8      | Killed Grum
  6462 | D:8      | Reached *** piety under Yredelemnul
  6849 | D:8      | Your ally Grum died
  6940 | D:8      | Reached skill level 9 in Long Blades
  7309 | D:9      | Noticed Harold
  7323 | D:9      | Slain by Harold

Illustrated notes

Levels and vault maps discovered:
D:1:      mrwooster_arrival_statue_2, layout_loops_ring
D:2:      layout_loops_ring, lemuel_coloured_pillars_altar, uniq_jessica
D:3:      layout_loops_corners, nicolae_ashenzari_panopticon,
          lemuel_crystal_altar, lightli_temple_of_fire,
          chequers_ecumenical_altar_grove, serial_aquarium,
          aquarium_bridge_long_joined [aquarium_subvault_wall,
          aquarium_subvault_bridge, aquarium_subvault_bridge,
          aquarium_subvault_wall, aquarium_subvault_wall,
          aquarium_subvault_wall], aquarium_window_corridor_1,
          aquarium_window_fake, aquarium_view_2c, gammafunk_ghost_grave
D:4:      minmay_chambers_of_twos, layout_rooms, uniq_duvessa,
          uniq_blork_the_orc, uniq_grinder, uniq_edmund
D:5:      kennysheep_spiral_hall, layout_basic, nicolae_overflow_crystal_walls,
          slow_altar_1, lemuel_temple_firewalk_a, hangedman_ru_absence,
          uniq_eustachio
D:6:      layout_cave_pools, old_standard_altar, minmay_misc_feat_five,
          kennysheep_dice, uniq_crazy_yiuf_cottage, uniq_maggie,
          uniq_prince_ribbit1
D:7:      layout_layer_cave, overflow_temple_1_default
D:8:      layout_loops_ring, uniq_grum
D:9:      layout_loops_ring, okawaru_metal_pillars_3, uniq_harold

Skill      XL: |  1  2  3  4  5  6  7  8  9 10 |
---------------+-------------------------------+-----
Long Blades    | 2 3 4 5 7 8 9 |  9.1
Armour         | 3 4 5 6 |  6.8
Fighting       | 4 5 6 7 |  7.4
Invocations    | 2 4 6 7 |  7.0
Dodging        | 1 2 4 |  4.7
Shields        | |  2.6

Action                   |  1- 3 |  4- 6 |  7- 9 | 10-12 || total
-------------------------+-------+-------+-------+-------++-------
Melee: Long sword        |    60 |   174 |   400 |   192 ||   826
Invok: Animate Remains   |       |     3 |    25 |     8 ||    36
       Recall Undead Sla |       |       |     1 |       ||     1
       Injury Mirror     |       |       |     1 |     1 ||     2
       Animate Dead      |       |       |       |    10 ||    10
  Use: Potion            |       |     1 |       |     1 ||     2
       Scroll            |       |       |    13 |       ||    13
 Stab: Distracted        |       |       |       |     1 ||     1
       Sleeping          |       |       |       |     1 ||     1
Armor: Scale mail        |    16 |       |       |       ||    16
       Troll leather arm |     9 |    77 |   188 |    51 ||   325
Dodge: Dodged            |    29 |   108 |   253 |    78 ||   468
Block: Other             |       |    40 |    87 |    38 ||   165
       Reflection        |       |       |     7 |     1 ||     8
       Rpst.: Long sword |     8 |    37 |    75 |    20 ||   140

Table legend: (Time is in decaauts)
 A = Elapsed time spent in this place.
 B = Non-inter-level travel time spent in this place.
 C = Inter-level travel time spent in this place.
 D = Time resting spent in this place.
 E = Time spent auto-exploring this place.
 F = Levels seen in this place.
 G = Mean time per level.
                   A        B        C        D        E       F      G
               +--------+--------+--------+--------+--------+-----+--------+
         Total |   7389 |   7038 |    351 |    770 |   4323 |   9 |  821.0 |
       Dungeon |   7389 |   7038 |    351 |    770 |   4323 |   9 |  821.0 |
               +--------+--------+--------+--------+--------+-----+--------+

Top non-repeatable levels by time:
     D:6: 1280 daAuts
     D:3: 1191 daAuts
     D:5: 1143 daAuts
     D:8: 960 daAuts
     D:2: 831 daAuts
     D:1: 740 daAuts
     D:7: 630 daAuts
     D:4: 540 daAuts
     D:9: 71 daAuts
